 Dungeon Crawl Stone Soup version 0.21-a0-241-g2cbab09 (webtiles) character file.

2233 JackS81 the Carver (level 9, -1/74 HPs)
             Began as a Minotaur Berserker on Sept 2, 2017.
             Was an Elder of Trog.
             Slain by an ooze (3 damage)
             ... on level 5 of the Dungeon on Sept 3, 2017.
             The game lasted 00:22:57 (4376 turns).

JackS81 the Carver (Minotaur Berserker)             Turns: 4376, Time: 00:22:57

Health: -1/74      AC:  8    Str: 27    XL:     9   Next: 14%
Magic:  8/8        EV: 11    Int:  4    God:    Trog [****..]
Gold:   310        SH:  0    Dex: 10    Spells: 8/8 levels left

rFire    . . .     SeeInvis .   a - +0 falchion
rCold    . . .     Gourm    .   (no shield)
rNeg     . . .     Faith    .   p - +0 ring mail
rPois    .         Spirit   .   (helmet restricted)
rElec    .         Reflect  .   (no cloak)
rCorr    .         Harm     .   (no gloves)
MR       ++...     Rnd*Tele +   (no boots)
Stlth    ..........             (no amulet)
HPRegen  1.22/turn              (no ring)
MPRegen  0.11/turn              (no ring)

@: berserk cooldown, regenerating, hasted and slowed
A: retaliatory headbutt, horns 2, thin metallic scales 1, blurry vision 1,
strong 1, teleportitis 1
a: Berserk, Trog's Hand, Brothers in Arms, Burn Spellbooks, Renounce Religion


You were on level 5 of the Dungeon.
You worshipped Trog.
Trog was greatly pleased with you.
You were near starving.

You visited 1 branch of the dungeon, and saw 5 of its levels.
You also visited: Sewer.

You collected 310 gold pieces.

Inventory:

Hand Weapons
 a - a +0 falchion (weapon)
 e - a +2 short sword of venom
 f - a +0 dagger of venom
 j - a +1 dagger of venom
 o - a +0 flail of crushing
Missiles
 h - 113 stones (quivered)
Armour
 b - a +0 animal skin
 p - a +0 ring mail (worn)
 w - a +0 buckler
Magical Staves
 y - an uncursed staff of energy
Jewellery
 s - an uncursed ring of fire
Scrolls
 g - 2 scrolls of magic mapping
 n - 3 scrolls of blinking {unknown}
 q - a scroll of remove curse
 v - a scroll of noise
 x - 2 scrolls of fog {unknown}
 A - a scroll of teleportation
 B - a scroll of enchant weapon {unknown}
 E - a scroll of random uselessness {unknown}
Potions
 d - a potion of agility
 i - a potion of mutation
 l - 2 potions of magic
 m - 3 potions of curing
 z - a potion of berserk rage {unknown}
 C - a potion of flight
 D - a potion of brilliance
Comestibles
 c - 3 bread rations
 t - 4 fruits
 u - a royal jelly
 F - 2 chunks of flesh


   Skills:
 + Level 5.4 Fighting
 * Level 11.5 Long Blades
 * Level 7.5 Armour
 - Level 2.1 Dodging
 * Level 4.1 Shields


You had 8 spell levels left.
You didn't know any spells.

Dungeon Overview and Level Annotations

Branches:
Dungeon (5/15)             Temple (0/1) D:4

Altars:
Cheibriados
Makhleb
Vehumet


Innate Abilities, Weirdness & Mutations

You reflexively headbutt those who attack you in melee.
You have a pair of horns on your head.
You are partially covered in thin metallic scales. (AC +2)
Scrolls take you a little longer to read.
Your muscles are strong. (Str +2)
You are occasionally teleported next to monsters.


Message History

The slime creature hits you!
You feel yourself speed up. The slime creature hits you!
Edmund hits you with a flail of holy wrath.
Your skin crawls.
You feel resistant to hostile enchantments.
You are near starving!
The slime creature hits you!
* * * LOW HITPOINT WARNING * * *
Edmund hits you with a flail of holy wrath!
* * * LOW HITPOINT WARNING * * *
The ooze hits you but does no damage.
You slash Edmund!
You kill Edmund!
Trog accepts your kill. The slime creature hits you!
* * * LOW HITPOINT WARNING * * *
You slash the ooze!
The ooze is almost dead.
The ooze hits you.
You die...

#.##)#.# #.# #..............
###.##.#.###.####.........####.
#...#..........................
#....#.#.##.#############......
#....#.#.##.###################
+....'..<##.##!...÷.##.########
#....#.####.##.÷....#.#.#....##
#....#.####.##.J÷...#.#.#.....#
#....#).....##@P.÷PP#.#'#......
#....#.#######)J÷...#.#[.......
#....#.# #P.....#)#........
######.# #......#.#.......# #.#
#P....÷'##......## #.#
#...÷..########## #.# ########
#######
########.##################......
.................................


You could see a slime creature and an ooze.

Vanquished Creatures
  Pikel (D:5)
  A slime creature (D:5)
  Sigmund (D:5)
  Eustachio (D:5)
  Edmund (D:5)
  A slave (D:5)
  A necrophage (D:5)
  2 big kobolds (D:5)
  A crimson imp (D:5)
  4 orc priests
  2 hounds
  5 jellies (D:5)
  6 orc wizards (D:5)
  A bullfrog skeleton (D:5)
  Terence (D:3)
  An iguana (D:4)
  A worker ant (D:4)
  A hound zombie (D:5)
  A hound skeleton (D:5)
  A mummy (D:5)
  11 adders
  A shadow imp (D:4)
  5 oozes
  2 worms (D:5)
  3 dart slugs (D:1)
  2 leopard geckos
  7 orcs
  7 bats
  11 giant cockroaches
  8 hobgoblins
  11 jackals
  19 kobolds
  8 quokkas
  6 ball pythons
  7 frilled lizards
  10 goblins
  A leopard gecko skeleton (D:4)
  7 rats
  2 plants (Sewer)
162 creatures vanquished.

Vanquished Creatures (others)
  A fungus (D:5)
  8 toadstools (D:5)
9 creatures vanquished.

Grand Total: 171 creatures vanquished

Notes
Turn   | Place    | Note
-------+----------+-------------------------------------------
     0 | D:1      | JackS81 the Minotaur Berserker began the quest for the Orb.
     0 | D:1      | Reached XP level 1. HP: 19/19 MP: 0/0
    35 | D:1      | Reached skill level 4 in Long Blades
   259 | D:1      | Reached XP level 2. HP: 26/26 MP: 1/1
   415 | D:1      | Reached skill level 5 in Long Blades
   418 | D:1      | Reached XP level 3. HP: 23/31 MP: 2/2
   566 | D:1      | Reached ** piety under Trog
   897 | D:1      | Reached skill level 6 in Long Blades
   897 | D:1      | Reached XP level 4. HP: 39/39 MP: 3/3
  1070 | D:2      | Reached XP level 5. HP: 23/45 MP: 4/4
  1072 | D:2      | Reached skill level 7 in Long Blades
  1374 | D:2      | Found a radiant altar of Vehumet.
  1622 | D:3      | Reached *** piety under Trog
  1628 | D:3      | Noticed Terence
  1643 | D:3      | Killed Terence
  2157 | D:4      | Reached XP level 6. HP: 47/52 MP: 5/5
  2329 | D:4      | Reached skill level 8 in Long Blades
  2493 | D:4      | Found a staircase to the Ecumenical Temple.
  2559 | D:4      | Upgraded the game from 0.21-a0-238-geb0acef to 0.21-a0-241-g2cbab09
  2900 | D:5      | Entered Level 5 of the Dungeon
  2979 | D:5      | Reached skill level 1 in Shields
  3001 | D:5      | Found a snail-covered altar of Cheibriados.
  3094 | D:5      | Noticed Sigmund
  3107 | D:5      | Killed Sigmund
  3107 | D:5      | Reached skill level 9 in Long Blades
  3107 | D:5      | Reached XP level 7. HP: 44/59 MP: 6/6
  3127 | D:5      | Reached **** piety under Trog
  3165 | D:5      | Found a glowing drain.
  3187 | Sewer    | Entered a sewer
  3786 | D:5      | Noticed Eustachio
  3817 | D:5      | Killed Eustachio
  3817 | D:5      | Reached skill level 10 in Long Blades
  3817 | D:5      | Reached skill level 5 in Armour
  3817 | D:5      | Reached XP level 8. HP: 66/66 MP: 7/7
  3860 | D:5      | Gained mutation: You are partially covered in thin metallic scales. (AC +2) [potion of mutation]
  3860 | D:5      | Gained mutation: You are occasionally teleported next to monsters. [potion of mutation]
  3860 | D:5      | Gained mutation: Scrolls take you a little longer to read. [potion of mutation]
  3860 | D:5      | Gained mutation: Your muscles are strong. (Str +2) [potion of mutation]
  3999 | D:5      | Noticed Pikel
  4013 | D:5      | Killed Pikel
  4013 | D:5      | Reached skill level 5 in Fighting
  4072 | D:5      | Found a burning altar of Makhleb.
  4283 | D:5      | Reached skill level 11 in Long Blades
  4335 | D:5      | Noticed a slime creature
  4335 | D:5      | Noticed a slime creature
  4335 | D:5      | Noticed Edmund
  4352 | D:5      | Killed a slime creature
  4352 | D:5      | Reached XP level 9. HP: 65/74 MP: 8/8
  4375 | D:5      | Killed Edmund
  4375 | D:5      | HP: 2/74 [slime creature (10)]
  4376 | D:5      | Slain by an ooze

Vault maps used:
D:1:      dpeg_arrival_leaves_temple_mockup
D:2:      lemuel_round_altar, minmay_misc_feat_enclosed, hex_large,
          minmay_hexomino_u4
D:3:      first_bread, uniq_terence
D:4:      minmay_temple_entry_mist
D:5:      cheibrodos_fertilizer, slow_altar_1, cheibrodos_sewer_entry_drain,
          makhleb_heckhound_becter, uniq_eustachio, uniq_pikel, uniq_sigmund,
          uniq_edmund
Sewer:    sewer_co_scattered_pipes

Skill      XL: |  1  2  3  4  5  6  7  8 |
---------------+-------------------------+-----
Long Blades    | 4 5 6 7 9 10 11 | 11.5
Fighting       | 4 5 |  5.4
Shields        | 1 2 4 |  4.1
Armour         | 3 5 7 |  7.5
Dodging        | |  2.1

Action                   |  1- 3 |  4- 6 |  7- 9 || total
-------------------------+-------+-------+-------++-------
Melee: Falchion          |    50 |   175 |   234 ||   459
       Headbutt          |     6 |    24 |    56 ||    86
Throw: Stone             |       |     4 |       ||     4
Invok: Berserk           |     1 |     1 |     3 ||     5
       Trog's Hand       |       |     2 |     6 ||     8
  Use: Potion            |       |       |    10 ||    10
       Scroll            |       |       |     7 ||     7
  Eat: Chunk             |       |     9 |     4 ||    13
       Bread ration      |       |       |     1 ||     1
Armor: Animal skin       |    12 |    11 |       ||    23
       Ring mail         |       |    29 |    62 ||    91
Dodge: Dodged            |    40 |    89 |    79 ||   208
       Rpst.: Falchion   |     9 |    24 |    25 ||    58

Table legend:
 A = Spawn XP
 B = Non-spawn XP
 C = Spawn XP percentage of total XP
 D = Spawn monster count
 E = Non-spawn monster count
 F = Spawn count percentage of total count
 G = Total turns spent on level
                    A         B        C        D         E        F      G
               +---------+---------+-------+---------+---------+-------+---------
         Total |     356 |    2835 |  11.2 |      20 |     139 |  12.6 |  4376
               +---------+---------+-------+---------+---------+-------+---------
           D:1 |     103 |      57 |  64.4 |       9 |      27 |  25.0 |   942
           D:2 |       6 |      74 |   7.5 |       3 |      24 |  11.1 |   675
           D:3 |       2 |     113 |   1.7 |       1 |      20 |   4.8 |   533
           D:4 |      53 |     112 |  32.1 |       2 |      13 |  13.3 |   750
           D:5 |     192 |    2431 |   7.3 |       5 |      38 |  11.6 |   943
         Sewer |       0 |      48 |   0.0 |       0 |      17 |   0.0 |   533
               +---------+---------+-------+---------+---------+-------+---------
